 Dungeon Crawl Stone Soup version 0.29.1-1-gd02db6906a (webtiles) character file.

Game seed: 18116928303379571347

588 MrElixer the Covered (level 7, -3/59 (62) HPs)
             Began as a Minotaur Fighter on Oct 12, 2022.
             Slain by a wight
             ... wielding a +5 war axe
              (10 damage)
             ... on level 6 of the Dungeon.
             The game lasted 00:13:59 (4890 turns).

MrElixer the Covered (Minotaur Fighter)             Turns: 4890, Time: 00:13:59

HP:   -3/59 (62)    AC:  8    Str: 28    XL:     7   Next: 15%
MP:   6/6           EV: 10    Int:  5    God:
Gold: 225           SH:  5    Dex: 14    Spells: 6/6 levels left

rFire   + . .      SeeInvis +   f - +2 eveningstar of the Distant Future {pain, rPois Str-2 SInv Stlth+}
rCold   . . .      Faith    .   (no shield)
rNeg    + . .      Spirit   .   E - +1 scale mail {rF+}
rPois   +          Reflect  +   (helmet restricted)
rElec   .          Harm     .   (no cloak)
rCorr   .          Rampage  .   (no gloves)
Will    .....                   (no boots)
Stlth   ++........              y - amulet of reflection
HPRegen 0.19/turn               h - ring of the Scavenger {rN+ Str+3 Dex+3 Stlth+}
MPRegen 0.10/turn               r - +6 ring of strength

@: lightly drained
A: horns 2, retaliatory headbutt
a: no special abilities


You were on level 6 of the Dungeon.
You visited 1 branch of the dungeon, and saw 6 of its levels.

You collected 225 gold pieces.

Inventory:

Hand Weapons
 a - a +0 long sword
 f - the +2 eveningstar of the Distant Future (weapon) {pain, rPois Str-2 SInv Stlth+}
   (You acquired it on level 3 of the Dungeon)

   In the hands of one skilled in necromantic magic, it inflicts extra damage on
   living creatures.
   Str:       It affects your strength (-2).
   rPois:     It protects you from poison.
   SInv:      It lets you see invisible.
   Stlth:     It makes you more stealthy.
 n - a +1 vorpal short sword
 C - a +1 dagger of freezing
Missiles
 A - a boomerang
Armour
 b - a +0 scale mail
 c - a +0 buckler
 i - an orb of mayhem
 p - a +0 leather armour
 B - a +0 ring mail of willpower
 E - a +1 scale mail of fire resistance (worn)
Jewellery
 g - a ring of protection from cold
 h - the ring of the Scavenger (left hand) {rN+ Str+3 Dex+3 Stlth+}
   (You took it off a kobold on level 2 of the Dungeon)

   [ring of positive energy]

   Str:       It affects your strength (+3).
   Dex:       It affects your dexterity (+3).
   rN:        It protects you from negative energy.
   Stlth:     It makes you more stealthy.
 r - a +6 ring of strength (right hand)
 y - an amulet of reflection (around neck)
Wands
 u - a wand of charming (4) (quivered)
Scrolls
 e - 2 scrolls of identify
 m - a scroll of torment
 s - a scroll of fear
 v - a scroll of teleportation
 x - a scroll of summoning
 D - 2 scrolls of amnesia
Potions
 d - a potion of might
 t - a potion of brilliance


   Skills:
 + Level 5.8 Fighting
 + Level 5.1 Long Blades
 + Level 0.5 Maces & Flails
 + Level 5.9 Armour
 + Level 5.8 Shields


You had 6 spell levels left.
You didn't know any spells.
Your spell library contained the following spells:

 Spells                   Type           Power      Damage    Failure   Level
 Ensorcelled Hibernation  Hex/Ice        0%         N/A       86%         2
 Passwall                 Tmut/Erth      0%         N/A       86%         2
 Dazzling Flash           Conj/Hex       0%         N/A       97%         3
 Swiftness                Air            0%         N/A       97%         3
 Iskenderun's Mystic Bla  Conj/Tloc      0%         2d3       100%        4
 Starburst                Conj/Fire      0%         6d3       100%        6


Dungeon Overview and Level Annotations

Branches:
Dungeon (6/15)             Temple (0/1) D:4

Altars:
Nemelex Xobeh
Sif Muna

Shops:
D:1 :


Innate Abilities, Weirdness & Mutations

You have a pair of horns on your head.
You reflexively headbutt those who attack you in melee.


Message History

Partly explored, can't reach some places.
Partly explored, can't reach some places.
Why would you want to do that?
Unknown command.
You enter the shallow water.
Moving in this stuff is going to be slow.
You enter the shallow water.
Moving in this stuff is going to be slow.
There is a stone staircase leading down here.
You climb downwards.
There is a stone staircase leading up here.
A wight comes into view.
It is wielding a +0 scimitar. 2 wights come into view.
You closely miss the wight. Your headbutt misses the wight.
The wight hits you with a +0 scimitar! You partially resist.
You feel drained.
You thump the wight!
The wight is severely damaged.
A wight comes into view. It is wielding a +5 war axe.
The wight closely misses you. The wight barely misses you.
You barely miss the wight.
The wight is severely damaged.
The wight hits you with a +0 great sword!
The wight misses you. You furiously retaliate!
You headbutt the wight. You hit the wight.
You destroy the wight!
The wight hits you with a +0 great sword!
You partially resist.
You feel drained. The wight hits you with a +2 war axe.
You block the wight's attack.
Your life force feels restored.
You hit the wight but do no damage. The wight hits you with a +2 war axe.
You partially resist.
You feel drained.
* * * LOW HITPOINT WARNING * * *
The wight hits you with a +0 great sword!
* * * LOW HITPOINT WARNING * * *
You partially resist.
You feel drained.
* * * LOW HITPOINT WARNING * * *
The wight barely misses you. You furiously retaliate!
You headbutt the wight! The wight attacks as you move away!
The wight barely misses you. The wight attacks as you move away!
The wight hits you with a +5 war axe!
You die...

... ### #.##
###..##..#
#.....#.. .........
........##
......zzz##
........@..##
............#
............## ###
.............#.....
...................
...........########
...........#
.......<..##
.........##


You could see 3 wights.

Vanquished Creatures
  An ogre (D:4)
  A wight (D:6)
  2 scorpions (D:5)
  2 hounds
  A jelly (D:5)
  An orc priest (D:5)
  An iguana (D:5)
  An orc wizard (D:5)
  3 adders
  A shadow imp (D:4)
  2 worms
  4 dart slugs
  12 orcs
  14 endoplasms
  3 giant cockroaches
  6 goblins
  3 hobgoblins
  12 jackals
  14 kobolds
  5 quokkas
  6 ball pythons
  4 bats
  4 frilled lizards
  8 rats
111 creatures vanquished.

Vanquished Creatures (collateral kills)
  An orc (D:2)
1 creature vanquished.

Vanquished Creatures (others)
  2 plants (D:3)
2 creatures vanquished.

Grand Total: 114 creatures vanquished

Notes
Turn   | Place    | Note
-------+----------+-------------------------------------------
     0 | D:1      | MrElixer the Minotaur Fighter began the quest for the Orb.
     0 | D:1      | Reached XP level 1. HP: 19/19 MP: 0/0
   183 | D:1      | Found Vucuy's Vocational Training.
   195 | D:1      | Reached XP level 2. HP: 27/27 MP: 1/1
   761 | D:1      | Reached XP level 3. HP: 24/33 MP: 2/2
  1631 | D:2      | Identified the ring of the Scavenger {rN+ Str+3 Dex+3
                  | Stlth+}
  1664 | D:2      | Reached XP level 4. HP: 40/40 MP: 3/3
  1882 | D:2      | Found a faded altar of an unknown god.
  2209 | D:3      | Identified a scroll of acquirement
  2209 | D:3      | Acquired the +2 eveningstar of the Distant Future {pain,
                  | rPois Str-2 SInv Stlth+}
  2921 | D:4      | Reached XP level 5. HP: 37/47 MP: 4/4
  3105 | D:4      | Found a sparkling altar of Nemelex Xobeh.
  3199 | D:4      | Noticed an ogre
  3204 | D:4      | Killed an ogre
  3205 | D:4      | Reached skill level 5 in Fighting
  3205 | D:4      | Reached skill level 5 in Armour
  3205 | D:4      | Reached skill level 5 in Shields
  3456 | D:4      | Found a staircase to the Ecumenical Temple.
  3786 | D:5      | Entered Level 5 of the Dungeon
  3791 | D:5      | Reached XP level 6. HP: 56/56 MP: 5/5
  4556 | D:5      | Reached skill level 5 in Long Blades
  4556 | D:5      | Reached XP level 7. HP: 62/62 MP: 6/6
  4618 | D:5      | Found a shimmering blue altar of Sif Muna.
  4890 | D:6      | Slain by a wight

Illustrated notes

Levels and vault maps discovered:
D:1:      shiori_arrival_oz, layout_loops_ring, hangedman_decor_clover_reticule,
          corexii_hall_statues_i, nicolae_shop_vocational
D:2:      minmay_door_path, layout_basic,
          hellmonk_ecumenical_altar_defaced_shrine, minmay_close_crescents
D:3:      cheibrodos_old_hovel, layout_basic
D:4:      layout_basic, nicolae_overflow_crystal_walls,
          minmay_temple_entry_enclosed_plants
D:5:      layout_basic, mainiacjoe_overflow_alcove_4, serial_rivers,
          chequers_serial_rivers_room_b, chequers_serial_rivers_large_a,
          chequers_serial_rivers_micro_e, chequers_serial_rivers_micro_a,
          chequers_serial_rivers_micro_b
D:6:      layout_cave_pods, overflow_temple_1_default, serial_shops,
          nicolae_inconvenience_store, uniq_sigmund

Skill      XL: |  1  2  3  4  5  6 |
---------------+-------------------+-----
Fighting       | 4 5 |  5.8
Armour         | 4 5 |  5.9
Shields        | 4 5 |  5.8
Long Blades    | 3 4 5 |  5.1
Maces & Flails | |  0.5

Action                   |  1- 3 |  4- 6 |  7- 9 || total
-------------------------+-------+-------+-------++-------
Melee: Long sword        |    94 |    32 |       ||   126
       Headbutt          |     9 |    15 |       ||    24
       Eveningstar       |       |    83 |     5 ||    88
       Punch             |       |     2 |       ||     2
  Use: Scroll            |     4 |     6 |       ||    10
       Potion            |       |     7 |       ||     7
 Stab: Sleeping          |       |     3 |       ||     3
Armor: Scale mail        |    51 |    43 |       ||    94
       Ring mail         |       |    15 |       ||    15
Dodge: Dodged            |    54 |    58 |     5 ||   117
Block: Buckler           |    21 |       |       ||    21
       Other             |       |     3 |     1 ||     4
